 Dungeon Crawl Stone Soup version 0.30-a0-618-gd6c86c23d0 (webtiles) character file.

Game seed: 6063242548457129453

2837 Cancer the Insei (level 9, -23/64 HPs)
             Began as a Green Draconian Transmuter on Jan 9, 2023.
             Annihilated by a two-headed ogre
             ... wielding a +0 giant spiked club
              (35 damage)
             ... on level 7 of the Dungeon.
             The game lasted 00:20:31 (7311 turns).

Cancer the Insei (Green Draconian Transmuter)       Turns: 7311, Time: 00:20:32

Health: -23/64     AC:  6    Str: 12    XL:     9   Next: 46%
Magic:  12/15      EV: 19    Int: 15    God:
Gold:   406        SH:  0    Dex: 20    Spells: 6/16 levels left

rFire   . . .      SeeInvis +      - Unarmed
rCold   . . .      Faith    .    (shield currently unavailable)
rNeg    . . .      Spirit   .    (body armour unavailable)
rPois   x          Reflect  .    (helmet currently unavailable)
rElec   .          Harm     .    (cloak currently unavailable)
rCorr   .          Rampage  .    (gloves currently unavailable)
Will    .....                    (boots currently unavailable)
Stlth   ++                       (no amulet)
HPRegen 0.30/turn                c - ring of see invisible
MPRegen 0.14/turn                v - +4 ring of protection

@: short of breath, spider-form, wereblooded
A: venomous fangs, (breathe noxious fumes), AC +7, tiny, unfitting armour,
(poison resistance), (cold-blooded)
a: End Transformation


You were on level 7 of the Dungeon.
You were a venomous arachnid creature.
You visited 2 branches of the dungeon, and saw 8 of its levels.

You collected 406 gold pieces.

Inventory:

Armour
 w - a +1 hat (melded)
Jewellery
 c - a ring of see invisible (left front pincers)
 i - an amulet of faith
 o - a ring of flight
 v - a +4 ring of protection (right front pincers)
Wands
 q - a wand of polymorph (10)
 u - a wand of roots (6)
 A - a wand of mindburst (5)
 B - a wand of paralysis (1)
 D - a wand of light (8)
Scrolls
 d - a scroll of amnesia {unknown}
 e - a scroll of enchant weapon {unknown}
 f - 3 scrolls of identify {unknown}
 h - a scroll of fog {unknown}
 j - 2 scrolls of magic mapping {unknown}
 k - a scroll of immolation {unknown}
 l - 2 scrolls of enchant armour {unknown}
 p - 3 scrolls of teleportation {unknown}
 s - 2 scrolls of vulnerability {unknown}
 t - a scroll of poison {unknown}
 y - a scroll of noise {unknown}
 E - a scroll of fear {unknown}
Potions
 a - 4 potions of lignification
 b - a potion of ambrosia {unknown}
 g - 4 potions of curing {unknown}
 m - a potion of berserk rage {unknown}
 n - 3 potions of brilliance {unknown}
 r - 2 potions of haste {unknown}
 x - 2 potions of heal wounds {unknown}
 z - a potion of might {unknown}
 C - a potion of degeneration {unknown}
Miscellaneous
 F - a phial of floods


   Skills:
 - Level 1.1 Fighting
 - Level 1.7 Dodging
 + Level 7.9 Unarmed Combat
 - Level 4.1 Spellcasting
 + Level 7.5 Transmutations
 + Level 5.8 Ice Magic
 - Level 4.0 Poison Magic


You had 6 spell levels left.
You knew the following spells:

 Your Spells              Type           Power      Damage    Failure   Level
a - Beastly Appendage     Tmut           50%        N/A       4%          1
b - Wereblood             Tmut           25%        N/A       6%          2
c - Spider Form           Tmut/Pois      20%        N/A       14%         3
d - Ice Form              Ice/Tmut       23%        N/A       28%         4

Your spell library contained the following spells:

 Spells                   Type           Power      Damage    Failure   Level
 Ensorcelled Hibernation  Hex/Ice        22%        N/A       22%         2
 Necrotise                Necr           12%        1d4       38%         1
 Call Canine Familiar     Summ           3%         N/A       69%         3
 Portal Projectile        Hex/Tloc       6%         N/A       69%         3
 Vampiric Draining        Necr           3%         2d6       69%         3
 Anguish                  Hex/Necr       1%         N/A       96%         4
 Leda's Liquefaction      Hex/Erth       1%         N/A       96%         4
 Agony                    Necr           3%         N/A       100%        5


Dungeon Overview and Level Annotations

Branches:
Dungeon (7/15)             Temple (1/1) D:4

Altars:
Cheibriados
Kikubaaqudgha
Makhleb
Nemelex Xobeh
Okawaru
Qazlal
Ru
Sif Muna
Vehumet
Wu Jian
Xom
Yredelemnul
Zin
The Shining One

Shops:
D:6 !

Annotations:
D:3 wall
D:4 fire
D:6 HilariousDeathArtist's ghost, novice AtMo
D:7 Menkaure


Innate Abilities, Weirdness & Mutations

You are a venomous arachnid creature.
You have venomous fangs.
You are tiny and dextrous.
Your spellcasting is less reliable in this form.
Your armour is entirely melded.
You are incapable of wielding weapons or throwing items.
((You can breathe blasts of noxious fumes.))
((Your lurid green scales are hard. (AC +7)))
You cannot fit into any form of body armour.
((Your system is resistant to poisons. (rPois)))
((You are cold-blooded and may be slowed by cold attacks.))


Message History

The gnoll sergeant hits you with a +2 trident of protection.
The gnoll sergeant hits itself with a +2 trident of protection!
You hit the gnoll sergeant but do no damage.
The gnoll sergeant is poisoned.
The gnoll sergeant is severely wounded.
Menkaure, Prince of Dust comes into view.
You catch the helpless gnoll sergeant completely off-guard!
You bite the gnoll sergeant!
You feel a bit better.
You kill the gnoll sergeant!
The gnoll hits the two-headed ogre with a +0 club!
You completely miss the gnoll.
The gnoll is severely wounded.
The gnoll completely misses you.
You bite the gnoll!
You feel a bit better.
You kill the gnoll!
You hiss as the wereblood boils in your veins!
You hear a loud, deep croak!
You hear a bark!
The gnoll hits Menkaure with a +0 club.
You hear a shout!
You bite the two-headed ogre!
The two-headed ogre is poisoned.
The two-headed ogre is moderately wounded.
A bullfrog comes into view.
The two-headed ogre hits you with a +0 giant spiked club!!
The two-headed ogre misses you.
You bite the two-headed ogre!
The two-headed ogre looks as sick as possible!
The two-headed ogre is severely wounded.
The two-headed ogre misses you.
The two-headed ogre hits you with a +0 giant club!!
* * * LOW HITPOINT WARNING * * *
You hit the two-headed ogre.
The two-headed ogre looks as sick as possible!
The two-headed ogre is severely wounded.
You hit the two-headed ogre.
The two-headed ogre looks as sick as possible!
The two-headed ogre is almost dead.
You hiss as the wereblood boils in your veins!
The two-headed ogre hits you with a +0 giant spiked club!!
Ouch! That really hurt!
You die...

### ###8###
##8...8## ...
##.......##
....#8..._...8#
....##.......#
.....##8...8#
......###s###
........#O#
........FM#####
...#..g......#
#..O...........
................
............<...
................
................


You could see a two-headed ogre (extremely poisoned), Menkaure, a bullfrog and a
gnoll (confused).

Vanquished Creatures
  Prince Ribbit (D:6)
  Grinder (D:5)
  A water moccasin (D:6)
  2 ice beasts (D:6)
  3 black bears
  4 ogres
  A centaur (D:5)
  A phantom (D:6)
  2 kobold brigands
  2 bullfrogs (D:6)
  2 necrophages (D:6)
  A gnoll sergeant (D:7)
  3 scorpions
  A howler monkey (D:6)
  3 hounds
  An iron imp (D:5)
  3 jellies
  An orc priest (D:6)
  2 iguanas (D:5)
  Natasha (thrice) (D:2)
  3 orc wizards
  7 gnolls
  11 adders
  A shadow imp (D:6)
  2 white imps
  A worm (D:2)
  2 dart slugs (D:1)
  11 orcs
  3 ball pythons
  6 bats
  5 endoplasms
  2 giant cockroaches
  7 hobgoblins
  4 jackals (D:1)
  3 frilled lizards
  13 goblins
  35 kobolds
  7 rats
161 creatures vanquished.

Vanquished Creatures (others)
  An angel (D:3)
  10 plants (D:4)
11 creatures vanquished.

Grand Total: 172 creatures vanquished

Notes
Turn   | Place    | Note
-------+----------+-------------------------------------------
     0 | D:1      | Cancer the Draconian Transmuter began the quest for the
                  | Orb.
     0 | D:1      | Reached XP level 1. HP: 16/16 MP: 3/3
    83 | D:1      | Reached XP level 2. HP: 17/23 MP: 3/5
   498 | D:1      | Reached XP level 3. HP: 24/28 MP: 4/6
   853 | D:2      | Learned a level 2 spell: Wereblood
   857 | D:2      | Learned a level 3 spell: Spider Form
  1270 | D:2      | Identified the +1 leather armour "Ufram" {rC++ Str+4 Slay-3
                  | SInv}
  1281 | D:2      | Noticed Natasha
  1337 | D:2      | Killed Natasha
  1338 | D:2      | Reached skill level 1 in Poison Magic
  1338 | D:2      | Reached XP level 4. HP: 25/35 MP: 3/8
  1926 | D:2      | Noticed Natasha
  1936 | D:2      | Killed Natasha
  2391 | D:2      | Noticed Natasha
  2405 | D:2      | Killed Natasha
  2406 | D:2      | Reached XP level 5. HP: 40/40 MP: 9/9
  2881 | D:3      | Reached XP level 6. HP: 47/47 MP: 9/11
  2902 | D:3      | Noticed an angel
  2903 | D:3      | Found a shimmering altar of Xom.
  2904 | D:3      | Found a glowing silver altar of Zin.
  3101 | D:3      | Killed an angel
  3596 | D:3      | Learned a level 4 spell: Ice Form
  3818 | D:4      | Found a staircase to the Ecumenical Temple.
  3828 | Temple   | Entered the Ecumenical Temple
  4597 | D:5      | Entered Level 5 of the Dungeon
  4616 | D:5      | Your scales start taking on a lurid green colour.
  4616 | D:5      | Reached XP level 7. HP: 30/52 MP: 11/13
  4616 | D:5      | Gained mutation: Your system is resistant to poisons.
                  | (rPois) [Green Draconian growth]
  4635 | D:5      | Reached skill level 5 in Unarmed Combat
  4794 | D:5      | Reached skill level 1 in Ice Magic
  4967 | D:5      | Noticed Grinder
  4978 | D:5      | Killed Grinder
  4979 | D:5      | Reached skill level 5 in Transmutations
  4979 | D:5      | Reached XP level 8. HP: 32/59 MP: 11/14
  5299 | D:5      | Found a snail-covered altar of Cheibriados.
  5636 | D:6      | Noticed HilariousDeathArtist's ghost (novice AtMo)
  5639 | D:6      | Identified the +3 great mace "Naukk" {venom, +Blink Fly
                  | Str+4}
  5641 | D:6      | Found a transporter.
  5725 | D:6      | Noticed Prince Ribbit
  5741 | D:6      | Killed Prince Ribbit
  6003 | D:6      | Found Corchuovo's Distillery.
  6111 | D:6      | Reached XP level 9. HP: 36/64 MP: 12/15
  6121 | D:6      | Reached skill level 5 in Ice Magic
  6790 | D:6      | Found a transporter.
  7291 | D:7      | Noticed a two-headed ogre
  7292 | D:7      | Found an ornate altar of the Wu Jian Council.
  7303 | D:7      | Noticed Menkaure
  7311 | D:7      | Annihilated by a two-headed ogre

Illustrated notes

Levels and vault maps discovered:
D:1:      dpeg_arrival_solitude, layout_loops_cross, kennysheep_another_room
D:2:      layout_loops_ring, serial_co_window_serial, co_window_cross_1,
          co_window_paths_a, co_window_corner_a, co_window_of_opportunity_a,
          co_window_corner_a, co_window_cross_2, co_window_unsneaky_path_d,
          co_window_corner_b, co_window_paths_c, co_window_paths_e,
          glass_columns_b, glass_columns_c, uniq_natasha
D:3:      layout_basic, grunt_temple_overflow_order_and_chaos_1,
          minmay_ogre_servants
D:4:      kennysheep_kobold_camp, layout_basic, minmay_temple_entry_junction_2
D:5:      layout_cave_pools, slow_altar_1, uniq_grinder
D:6:      minmay_octagon_keep, layout_loops_ring, gammafunk_ghost_smash,
          nicolae_take_the_stairs, chequers_serial_rivers_small_3,
          uniq_prince_ribbit1
D:7:      cheibrodos_fertilizer, layout_rooms, nzn_wu_jian_council_hall,
          uniq_menkaure
Temple:   eino_temple_lava

Skill      XL: |  1  2  3  4  5  6  7  8  9 |
---------------+----------------------------+-----
Transmutations | 3 4 5 6 7 |  7.5
Poison Magic   | 1 2 3 4 |  4.0
Spellcasting   | 3 4 |  4.1
Unarmed Combat | 4 5 7 |  7.9
Ice Magic      | 2 4 5 |  5.8
Fighting       | |  1.1
Dodging        | |  1.7

Action                   |  1- 3 |  4- 6 |  7- 9 || total
-------------------------+-------+-------+-------++-------
Melee: Unarmed           |    94 |   169 |   193 ||   456
       Tailslap          |    12 |    11 |    18 ||    41
       Headbutt          |    12 |    17 |    27 ||    56
       Kick              |    17 |    25 |    30 ||    72
       Punch             |       |     2 |     4 ||     6
 Cast: Beastly Appendage |    21 |    27 |    14 ||    62
       Wereblood         |     1 |     3 |     7 ||    11
       Spider Form       |       |     2 |    11 ||    13
 Abil: Breathe Noxious F |       |       |     1 ||     1
 Stab: Sleeping          |       |     1 |       ||     1
       Confused          |       |       |     1 ||     1
Armor: Skin              |    32 |    40 |    66 ||   138
Dodge: Dodged            |    65 |   107 |   147 ||   319

Table legend: (Time is in decaauts)
 A = Elapsed time spent in this place.
 B = Non-inter-level travel time spent in this place.
 C = Inter-level travel time spent in this place.
 D = Time resting spent in this place.
 E = Time spent auto-exploring this place.
 F = Levels seen in this place.
 G = Mean time per level.
                   A        B        C        D        E       F      G
               +--------+--------+--------+--------+--------+-----+--------+
         Total |   7266 |   6459 |    807 |    183 |   4993 |   8 |  908.2 |
       Dungeon |   7204 |   6403 |    801 |    183 |   4943 |   7 | 1029.1 |
        Temple |     61 |     55 |      6 |      0 |     50 |   1 |   61.0 |
               +--------+--------+--------+--------+--------+-----+--------+

Top non-repeatable levels by time:
     D:6: 1675 daAuts
     D:2: 1667 daAuts
     D:3: 1219 daAuts
     D:4: 1078 daAuts
     D:1: 868 daAuts
     D:5: 675 daAuts
  Temple: 61 daAuts
     D:7: 18 daAuts
